Map: Dusty Gorge

Players

zeus - Winner!

  • Race: Protoss Protoss
  • League: Diamond
  • Spawn Location: 5:00

Kharma - Winner!

  • Race: Protoss Protoss
  • League: Diamond
  • Spawn Location: 3:00

OpuS

  • Race: Protoss Protoss
  • League: Diamond
  • Spawn Location: 9:00

Sketchaphone

  • Race: Zerg Zerg
  • League: Platinum
  • Spawn Location: 11:00

VOD

Have the link to the VOD?

Description

Time

  • Played on: March 3, 2019, 10:41 p.m.
  • Length: 18:57
Show
View Real Time Build Order
Export as new Build Order

zeus Protoss - Winner!

Build Orders:  

Get SALT Encoding   

  12  0:01  Probe  
  13  0:14  Probe  
  14  0:20  Pylon  
  14  0:26  Probe  
  15  0:38  Probe  
  16  0:47  Gateway  
  16  0:50  Probe  
  16  0:53  Assimilator  
  17  1:04  Probe  
  17  1:05  Pylon  
  18  1:16  Probe  
  19  1:25  Gateway  
  19  1:29  Probe  
  20  1:43  Cybernetics Core  
  20  1:44  Probe  
  21  1:56  Probe  
  22  2:08  Probe  
  23  2:09  Adept x2  
  23  2:13  Warp Gate  
  27  2:31  Nexus  
  27  2:44  Twilight Council  
  27  3:11  Probe  
  27  3:12  Zealot  
  30  3:18  Pylon  
  30  3:40  Probe  
  31  3:41  Zealot  
  31  3:43  Charge  
  31  3:56  Probe  
  31  4:01  Assimilator  
  30  4:04  Sentry  
  30  4:05  Gateway  
  30  4:14  Probe  
  31  4:19  Probe  
  32  4:25  Stalker  
  32  4:26  Probe  
  32  4:31  Probe  
  36  4:38  Probe  
  36  4:40  Gateway  
  36  4:41  Gateway  
  36  4:42  Gateway  
  36  4:43  Probe  
  38  4:45  Gateway  
  38  4:51  Probe  
  38  4:52  Robotics Facility  
  39  4:54  Pylon  
  39  4:55  Probe  
  40  5:02  Pylon  
  40  5:03  Probe  
  41  5:07  Probe  
  42  5:15  Probe  
  42  5:19  Probe  
  44  5:23  Stalker x3  
  44  5:27  Probe  
  51  5:31  Probe  
  51  5:35  Pylon  
  52  5:44  Stalker x2  
  52  5:49  Warp Prism  
  56  6:00  Assimilator  
  56  6:02  Assimilator  
  56  6:03  Probe  
  59  6:06  Pylon  
  59  6:09  Shield Battery  
  59  6:14  Zealot x4  
  67  6:23  Blink  
  67  6:37  Observer  
  68  6:40  Probe  
  68  6:41  Nexus  
  68  6:45  Shield Battery  
  69  6:48  Probe  
  70  6:55  Zealot  
  70  6:56  Zealot x3  
  78  7:05  Pylon x2  
  78  7:26  Probe x2  
  80  7:30  Immortal  
  80  7:34  Stalker x2  
  80  7:35  Stalker x2  
  92  7:38  Probe  
  93  7:47  Probe  
  94  7:53  Probe  
  93  8:01  Probe  
  93  8:05  Probe  
  85  8:13  Probe x2  
  85  8:17  Probe  
  84  8:25  Probe x2  
  84  8:27  Stalker x5  
  84  8:28  Stalker x2  
  84  8:29  Probe  
  84  8:32  Pylon  
  97  8:37  Pylon  
  97  8:40  Forge  
  97  8:42  Forge  
  97  8:47  Assimilator  
  97  8:49  Probe  
  97  8:51  Assimilator  
  98  9:04  Protoss Ground Armor Level 1  
  98  9:05  Protoss Ground Weapons Level 1  
  98  9:07  Templar Archives  
  98  9:11  Pylon  
  98  9:24  Pylon  
  98  9:34  Photon Cannon  
  98  9:46  High Templar  
  98  9:47  High Templar x3  
  98  9:48  High Templar x2  
  98  9:50  Stalker  
  98  9:52  Archon x2  
  112  9:53  Archon  
  112  10:20  Zealot x6  
  112  10:21  Zealot  
  102  10:50  High Templar  
  102  10:51  High Templar x3  
  102  10:52  High Templar x2  
  102  10:55  Archon x2  
  102  10:56  Archon  
  114  10:57  Probe x3  
  117  11:04  Protoss Ground Weapons Level 2, Protoss Ground Armor Level 2  
  117  11:09  Probe x2  
  119  11:19  Nexus  
  119  11:20  Pylon  
  119  11:39  Stalker  
  121  11:44  Stalker x3  
  121  11:45  Stalker x3  
  113  12:18  Pylon  
  113  12:19  Warp Prism  
  113  12:20  Pylon  
  115  12:26  Zealot  
  115  12:27  Zealot  
  115  12:28  Zealot x3  
  115  12:29  Zealot  
  127  12:30  Zealot  
  129  12:42  Pylon  
  129  12:52  Pylon  
  129  12:53  Probe x3  
  131  13:00  Stalker  
  131  13:01  Zealot x4  
  131  13:02  Zealot  
  131  13:03  Zealot  
  134  14:04  Gateway x2  
  134  14:05  Gateway x2  
  134  14:12  Observer  
  134  14:16  Protoss Ground Weapons Level 3, Protoss Ground Armor Level 3  
  125  14:29  Observer  
  125  14:31  Stalker x4  
  119  14:32  Stalker x2  
  122  14:56  Probe x2  
  122  14:59  Nexus  
  124  15:08  Probe x2  
  124  15:12  Stalker x4  
  124  15:13  Stalker x2  
  124  15:14  Stalker x4  
  142  15:45  Immortal  
  142  15:47  Zealot x6  
  158  16:07  Pylon x3  
  146  16:25  Observer  
  121  16:57  Probe  
  122  17:07  Stalker x4  
  122  17:08  Stalker x2  
  134  17:16  Probe  
  135  17:30  Pylon  
  135  17:31  Observer  
  135  17:38  Pylon  
  135  17:47  Nexus  
  134  18:40  Nexus  
Show
View Real Time Build Order
Export as new Build Order

Kharma Protoss - Winner!

Build Orders:  

Get SALT Encoding   

  12  0:00  Probe  
  13  0:13  Probe  
  14  0:19  Pylon  
  14  0:25  Probe  
  15  0:33  Probe  
  15  0:41  Gateway  
  15  0:42  Probe  
  16  0:49  Assimilator  
  17  0:52  Probe  
  18  1:04  Probe  
  18  1:05  Assimilator  
  19  1:16  Probe  
  20  1:22  Gateway  
  20  1:28  Probe  
  21  1:34  Cybernetics Core  
  21  1:38  Gateway  
  21  1:40  Probe  
  22  1:52  Probe  
  23  1:55  Warp Gate  
  23  1:56  Pylon  
  23  2:14  Stalker, Probe  
  26  2:25  Stalker  
  26  2:26  Probe  
  29  2:42  Probe  
  29  2:43  Nexus  
  30  3:04  Pylon  
  30  3:08  Probe  
  30  3:11  Robotics Facility  
  31  3:18  Pylon  
  31  3:24  Probe  
  32  3:36  Probe  
  32  3:38  Gateway  
  32  3:40  Gateway  
  33  3:47  Stalker  
  35  3:52  Stalker  
  37  4:04  Shield Battery  
  37  4:05  Probe  
  38  4:12  Warp Prism  
  38  4:17  Stalker x2  
  44  4:26  Probe  
  44  4:29  Probe  
  46  4:34  Probe  
  47  4:40  Twilight Council  
  47  4:41  Probe  
  48  4:47  Probe  
  49  4:53  Probe  
  49  4:56  Probe  
  51  5:04  Probe  
  51  5:05  Probe  
  52  5:08  Shield Battery, Gateway  
  52  5:09  Gateway  
  53  5:21  Zealot x2  
  57  5:22  Zealot  
  55  5:30  Stalker  
  55  5:34  Probe  
  48  5:37  Probe  
  48  5:42  Probe  
  45  5:45  Probe  
  40  5:50  Probe  
  40  5:53  Probe  
  40  5:54  Charge  
  41  5:58  Probe  
  43  6:04  Probe  
  43  6:06  Probe  
  45  6:16  Probe  
  45  6:18  Stalker x2, Probe  
  46  6:19  Stalker  
  53  6:26  Probe  
  53  6:27  Shield Battery  
  53  6:28  Probe  
  55  6:34  Probe  
  55  6:36  Assimilator, Forge  
  56  6:40  Probe  
  56  6:41  Pylon  
  57  6:47  Zealot x2  
  61  7:04  Stalker x4  
  61  7:06  Protoss Ground Weapons Level 1  
  65  7:18  Assimilator  
  65  7:24  Templar Archives  
  65  7:36  Zealot x2  
  57  7:47  Stalker x2  
  57  7:48  Stalker x2  
  59  8:00  Stalker x2  
  63  8:16  Stalker x3  
  69  8:22  Pylon  
  69  8:38  Blink  
  69  8:46  Zealot x4  
  77  8:52  Pylon  
  77  8:59  Stalker  
  78  9:11  Zealot x3  
  78  9:12  Zealot  
  65  9:45  High Templar x4  
  51  9:47  Zealot x2  
  55  10:00  Archon  
  55  10:01  Archon  
  55  10:09  Stalker x2  
  47  10:18  Stalker  
  47  10:19  Stalker x3  
  43  10:36  Stalker  
  43  10:37  Stalker  
  43  10:38  Protoss Ground Weapons Level 2  
  43  10:41  Nexus  
  43  10:42  Pylon  
  47  10:48  Stalker x2  
  51  10:50  Nexus, Pylon  
  51  10:57  Warp Prism  
  51  10:59  Probe  
  51  11:00  Probe  
  55  11:12  Stalker  
  57  11:23  Stalker x2  
  61  11:29  Zealot  
  63  11:51  Warp Prism  
  63  11:52  Assimilator  
  63  11:57  Stalker x2  
  63  11:58  Stalker x2  
  61  12:04  Pylon  
  61  12:06  Probe x2  
  61  12:08  Probe  
  66  12:18  Probe  
  66  12:19  Stalker x3, Probe  
  66  12:20  Stalker  
  66  12:22  Probe  
  77  12:30  Probe  
  77  12:31  Probe  
  78  12:51  Zealot x2  
  78  12:52  Zealot x4  
  78  12:55  Probe  
  78  12:56  Probe  
  92  13:18  High Templar x3  
  92  13:19  High Templar x3  
  101  13:27  Archon x2  
  101  13:28  Archon  
  99  13:42  Pylon  
  99  13:44  Pylon  
  99  13:57  Observer  
  99  13:59  Pylon  
  99  14:00  Pylon  
  100  14:04  Pylon  
  100  14:05  Zealot  
  100  14:06  Zealot x4  
  100  14:32  Zealot x6  
  100  14:37  Observer  
  100  14:38  Nexus  
  109  14:59  High Templar  
  111  15:00  High Templar x4  
  111  15:01  Zealot  
  111  15:04  Archon x2  
  105  15:42  Pylon  
  105  15:44  Pylon  
  105  15:47  Pylon  
  105  15:54  Observer  
  106  16:05  Observer  
  106  16:09  Zealot x2  
  110  16:46  Pylon  
  110  16:47  Pylon  
  110  16:48  Pylon  
  110  17:04  Probe x2  
  112  17:16  Probe x2  
  114  17:28  Probe x2  
  116  17:32  Gateway  
  116  17:33  Gateway  
  116  17:35  Pylon  
  116  17:36  Gateway  
  116  17:38  Gateway  
  116  17:40  Probe  
  117  17:50  Probe  
  118  17:52  Probe  
  119  18:14  Zealot x4  
Show
View Real Time Build Order
Export as new Build Order

OpuS Protoss 

Build Orders:  

Get SALT Encoding   

  12  0:01  Probe  
  13  0:13  Probe  
  14  0:18  Pylon  
  14  0:25  Probe  
  15  0:37  Probe  
  15  0:39  Gateway  
  16  0:49  Probe  
  17  0:52  Assimilator  
  17  0:55  Assimilator  
  17  1:01  Probe  
  18  1:09  Gateway  
  18  1:17  Probe  
  19  1:31  Cybernetics Core  
  19  1:35  Pylon  
  19  1:36  Probe  
  20  1:48  Probe  
  21  2:00  Probe  
  22  2:08  Stalker x2  
  24  2:11  Warp Gate  
  24  2:12  Probe  
  27  2:21  Pylon  
  27  2:26  Probe  
  28  2:42  Stalker x2  
  32  2:51  Pylon  
  31  3:21  Probe  
  31  3:23  Nexus  
  32  3:31  Stargate  
  32  3:41  Pylon  
  32  4:00  Stalker x2  
  36  4:03  Twilight Council  
  36  4:12  Oracle  
  37  4:26  Probe  
  37  4:29  Stalker  
  37  4:31  Charge  
  40  4:33  Stalker  
  42  4:46  Probe x2  
  44  5:04  Probe x2  
  46  5:09  Void Ray  
  50  5:33  Stalker  
  50  5:34  Stalker  
  44  5:51  Gateway  
  44  5:52  Void Ray  
  44  5:53  Gateway  
  41  5:58  Probe x2  
  41  5:59  Zealot x2  
  51  6:10  Probe x2  
  53  6:16  Pylon  
  53  6:22  Zealot  
  53  6:23  Zealot  
  57  6:27  Void Ray  
  57  6:28  Probe x2  
  63  6:46  Zealot x2  
  67  6:51  Probe  
  67  6:52  Probe  
  69  6:59  Zealot x2  
  73  7:15  Void Ray  
  77  7:16  Probe  
  77  7:20  Pylon  
  77  7:21  Pylon  
  78  7:36  Probe  
  77  7:37  Pylon  
  77  7:40  Pylon  
  73  7:49  Zealot  
  73  7:50  Zealot x3  
  71  7:58  Void Ray  
  75  8:12  Zealot x4  
  75  8:20  Probe x2  
  77  8:32  Probe, Stargate  
  78  8:35  Zealot x4  
  78  8:37  Gateway  
  78  8:40  Gateway  
  86  8:43  Assimilator  
  86  8:45  Assimilator  
  86  8:47  Void Ray  
  86  8:49  Probe  
  86  8:50  Probe  
  92  9:04  Zealot x2  
  92  9:07  Probe x2  
  98  9:16  Void Ray  
  102  9:19  Probe  
  101  9:39  Zealot x2  
  101  9:40  Zealot  
  101  9:41  Zealot  
  101  9:44  Templar Archives  
  109  9:56  Pylon  
  109  9:57  Pylon  
  109  10:14  Void Ray  
  111  10:23  Nexus  
  73  10:39  Zealot x5  
  73  10:40  Zealot  
  75  10:44  Void Ray  
  79  10:52  Pylon  
  79  10:55  Void Ray  
  79  10:59  Dark Shrine  
  83  11:08  High Templar x2  
  83  11:10  High Templar x2  
  91  11:11  Zealot  
  91  11:12  Zealot  
  91  11:13  Archon  
  91  11:15  Archon  
  91  11:17  Void Ray  
  99  11:35  Probe x3  
  102  11:43  Zealot x4  
  86  12:05  Shadow Stride  
  86  12:08  Zealot x4  
  84  12:09  Zealot x2  
  84  12:10  Probe x3  
  95  12:16  Gateway  
  95  12:19  Gateway  
  91  12:40  Void Ray x2  
  95  12:51  Probe x3  
  98  12:54  Pylon  
  98  12:55  Assimilator  
  98  13:00  Assimilator  
  74  13:20  Dark Templar x2  
  74  13:21  Dark Templar x2  
  74  13:23  Void Ray x2  
  74  13:26  Dark Templar  
  88  13:32  Probe x2  
  88  13:33  Probe  
  91  13:36  Dark Templar  
  93  13:46  Forge  
  93  13:50  Dark Templar  
  93  13:51  Dark Templar  
  97  14:00  Gateway  
  97  14:03  Gateway  
  97  14:06  Zealot x2  
  97  14:07  Zealot x2  
  105  14:10  Nexus  
  101  14:40  Dark Templar x4  
  101  14:41  Dark Templar x2  
  101  15:02  Dark Templar  
  101  15:03  Dark Templar x2  
  107  15:16  Zealot x3  
  107  15:17  Zealot x4  
  74  15:43  Dark Templar  
  74  15:44  Dark Templar x3  
  74  15:46  Dark Templar  
  74  16:02  Assimilator  
  74  16:06  Assimilator  
  34  17:10  Pylon  
  34  17:13  Zealot x2  
  36  17:30  Stargate  
  36  17:33  Stargate  
  36  17:44  Nexus  
  36  17:46  Assimilator  
  36  17:51  Assimilator  
Show
View Real Time Build Order
Export as new Build Order

Sketchaphone Zerg 

Build Orders: Hatch First 

Get SALT Encoding   

  12  0:01  Drone  
  13  0:12  Overlord  
  13  0:18  Drone  
  14  0:34  Drone x2  
  14  0:35  Drone  
  17  0:54  Drone  
  18  1:00  Hatchery  
  17  1:10  Drone x2  
  19  1:11  Extractor  
  18  1:24  Drone  
  19  1:29  Overlord  
  19  1:37  Spawning Pool  
  18  1:46  Drone  
  19  1:49  Drone  
  20  2:00  Drone  
  21  2:13  Drone x2  
  23  2:20  Hatchery  
  22  2:23  Metabolic Boost  
  22  2:29  Zergling x2  
  23  2:30  Drone  
  23  2:35  Drone x2  
  26  2:43  Drone  
  27  2:47  Drone  
  28  2:57  Spine Crawler, Queen  
  29  3:03  Spine Crawler  
  27  3:20  Queen  
  25  3:36  Zergling x14  
  30  3:50  Drone  
  30  3:53  Drone x2  
  29  3:59  Drone  
  29  4:03  Drone  
  30  4:11  Overlord  
  30  4:17  Drone  
  30  4:18  Drone  
  32  4:25  Drone x3  
  32  4:28  Drone  
  36  4:31  Drone  
  36  4:35  Drone  
  36  4:36  Drone  
  39  4:40  Drone  
  39  4:43  Drone  
  41  4:47  Drone x2  
  41  4:50  Drone  
  44  4:53  Drone  
  44  4:54  Drone  
  46  5:01  Lair  
  46  5:07  Overlord  
  46  5:20  Spore Crawler  
  38  5:37  Drone x13  
  51  5:45  Overlord  
  51  5:46  Queen  
  53  5:54  Overlord  
  53  5:55  Drone  
  54  6:02  Roach Warren  
  53  6:06  Evolution Chamber  
  53  6:07  Evolution Chamber  
  51  6:17  Spore Crawler  
  50  6:22  Drone x2  
  50  6:23  Drone x2  
  50  6:25  Overlord, Drone x5, Extractor  
  58  6:27  Drone x2  
  58  6:32  Zerg Ground Armor Level 1  
  60  6:39  Extractor  
  60  6:47  Roach x2  
  60  6:52  Zergling x14  
  69  6:57  Zergling x2  
  65  7:12  Roach  
  64  7:21  Zergling x6  
  65  7:23  Roach  
  65  7:25  Overlord x2  
  61  7:31  Roach  
  61  7:34  Zerg Missile Weapons Level 1  
  63  7:39  Overlord  
  63  7:40  Overlord, Extractor  
  63  7:42  Overlord  
  62  7:47  Roach x3  
  62  7:58  Roach  
  62  7:59  Roach x2  
  62  8:03  Roach x3  
  68  8:18  Roach  
  64  8:29  Drone x4  
  68  8:38  Overlord  
  68  8:42  Queen  
  68  8:44  Zerg Ground Armor Level 2  
  68  8:46  Roach, Hatchery  
  68  8:47  Roach  
  73  8:49  Overlord  
  73  8:52  Ravager  
  74  9:00  Drone x2  
  76  9:03  Hatchery  
  76  9:05  Roach x3  
  76  9:09  Zergling x2  
  82  9:12  Queen  
  82  9:14  Zergling x2  
  85  9:21  Zergling x4  
  80  9:41  Roach x3  
  86  9:53  Zerg Missile Weapons Level 2  
  86  9:56  Nydus Network  
  86  9:57  Queen  
  86  9:58  Queen  
  88  10:08  Glial Reconstitution  
  88  10:11  Ravager  
  88  10:12  Infestation Pit  
  88  10:18  Roach  
  81  10:26  Zergling x2  
  81  10:27  Zergling x26  
  78  10:34  Queen  
  82  10:42  Roach x3  
  88  10:47  Hydralisk Den  
  87  10:53  Zergling x2  
  87  10:54  Zergling x2  
  87  11:11  Zergling x28  
  95  11:14  Zergling x2  
  102  11:22  Roach x3  
  83  11:46  Roach x5  
  86  11:47  Hydralisk  
  76  12:10  Pneumatized Carapace  
  76  12:13  Burrow  
  76  12:26  Nydus Canal  
  76  12:29  Overlord x2  
  76  12:31  Hatchery  
  75  12:37  Pathogen Glands  
  75  12:45  Roach  
  75  12:46  Roach x5  
  87  13:05  Nydus Canal  
  87  13:14  Roach x5  
  95  13:24  Queen  
  97  13:31  Hatchery  
  94  13:45  Nydus Canal  
  94  13:58  Hydralisk x5  
  94  13:59  Hydralisk x2  
  94  14:02  Roach x14  
  108  14:04  Roach  
  108  14:09  Drone  
  98  14:20  Hatchery  
  86  14:28  Zerg Melee Weapons Level 1  
  86  14:29  Hive  
  63  14:37  Nydus Canal  
  54  14:38  Roach x6  
  64  14:52  Roach x2  
  68  14:57  Hydralisk  
  68  14:59  Roach x2  
  72  15:21  Roach x4  
  76  15:26  Overlord  
  76  15:33  Roach  
  76  15:34  Roach x4  
  86  15:40  Roach  
  88  15:44  Infestor  
  90  15:51  Drone x2  
  92  16:04  Nydus Canal  
  92  16:09  Zergling x20  
  102  16:19  Nydus Canal  
  102  16:22  Lurker Den  
  91  16:32  Infestor x2  
  78  16:45  Hydralisk x3  
  57  16:51  Hydralisk  
  41  17:06  Queen  
  41  17:08  Drone x6  
  21  17:40  Spawning Pool  
  20  17:48  Drone x5  
  17  18:19  Extractor  
Tags
 
Add a new tag
Caveats
  • Supply blocks, unpowered buildings, or Contaminate may cause inaccurate times.
  • Supply counts are checked every 10 seconds.